 Dungeon Crawl Stone Soup version 0.30-a0-782-ge64f9170bb (webtiles) character file.

Game seed: 6777307805167357960

718 Dirtsage the Slasher (level 7, -7/52 HPs)
             Began as a Demonspawn Fighter on Feb 27, 2023.
             Mangled by Edmund
             ... wielding a +1 heavy dire flail
              (23 damage)
             ... on level 4 of the Dungeon.
             The game lasted 00:08:32 (3631 turns).

Dirtsage the Slasher (Demonspawn Fighter)           Turns: 3631, Time: 00:08:33

Health: -7/52      AC:  7    Str: 18 (20) XL:     7   Next: 42%
Magic:  7/7        EV: 10    Int:  7 (9)  God:
Gold:   196        SH:  4    Dex: 13 (14) Spells: 6/6 levels left

rFire   . . .      SeeInvis .    a - +0 long sword
rCold   . . .      Faith    +    c - +0 buckler
rNeg    . . .      Spirit   .    l - +1 ring mail of the Pleiades {rPois Str+3}
rPois   +          Reflect  .    (no helmet)
rElec   .          Harm     .    s - +0 cloak
rCorr   .          Rampage  .    (no gloves)
Will    .....                    (boots unavailable)
Stlth   +                        g - amulet of faith
HPRegen 0.28/turn                (no ring)
MPRegen 0.20/turn                (no ring)

@: weak-willed, attractive, flying
A: hooves 3, magic regeneration
a: no special abilities


You were on level 4 of the Dungeon.
You visited 1 branch of the dungeon, and saw 4 of its levels.
You also visited: Sewer.

You collected 196 gold pieces.

Inventory:

Hand Weapons
 a - a +0 long sword (weapon)
Armour
 b - a +0 scale mail
 c - a +0 buckler (worn)
 l - the +1 ring mail of the Pleiades (worn) {rPois Str+3}
   (You found it on level 2 of the Dungeon)

   Str:       It affects your strength (+3).
   rPois:     It protects you from poison.
 s - a +0 cloak (worn)
Jewellery
 g - an amulet of faith (around neck)
Scrolls
 e - 5 scrolls of identify {unknown}
 f - a scroll of magic mapping
 h - a scroll of poison {unknown}
 n - 4 scrolls of teleportation {unknown}
 o - a scroll of fog {unknown}
 p - a scroll of blinking {unknown}
 r - a scroll of enchant weapon {unknown}
Potions
 q - 4 potions of curing


   Skills:
 - Level 3.0 Fighting
 + Level 7.7 Long Blades
 - Level 2.6 Armour
 - Level 2.6 Shields


You had 6 spell levels left.
You didn't know any spells.
Your spell library contained the following spells:

 Spells                   Type           Power      Damage    Failure   Level
 Hailstorm                Conj/Ice       0%         3d3       97%         3
 Ice Form                 Ice/Tmut       0%         N/A       100%        4
 Yara's Violent Unravell  Hex/Tmut       0%         3d3       100%        5
 Simulacrum               Ice/Necr       0%         N/A       100%        6
 Enfeeble                 Hex            0%         N/A       100%        7


Dungeon Overview and Level Annotations

Branches:
Dungeon (4/15)              Sewer (visited)
 Temple: D:4-7

Altars:

Shops:
D:2 [

Annotations:
D:4 Edmund


Innate Abilities, Weirdness & Mutations

You have hooves in place of feet.
You regenerate magic rapidly.


Message History

You closely miss Edmund.
Edmund is lightly wounded.
You regained 4 hp, and now have 35/52 hp.
It was a potion of degeneration.
There was something very wrong with that liquid.
You feel weakened.
You feel dopey.
You feel clumsy.
You feel less invigorated.
You feel less confused.
Edmund hits you with a +1 heavy dire flail.
You take 1 damage, and have 34/52 hp.
It was a potion of flight.
You feel very buoyant.
You fly up into the air.
Edmund closely misses you.
It was a potion of attraction.
You feel attractive to monsters.
You slash Edmund! You kick Edmund!
Edmund is heavily wounded.
Edmund hits you with a +1 heavy dire flail!!
* * * LOW HITPOINT WARNING * * *
You take 21 damage, and have 14/52 hp.
MASSIVE DAMAGE!!
As you read the scroll labelled QOTUUTECSI, it crumbles to dust.
You feel aware of your surroundings.
You sensed 3 altars.
It was a scroll of magic mapping.
You block Edmund's attack.
As you read the scroll labelled GEUNUP CEFE, it crumbles to dust.
Magic quickly surges around you.
It was a scroll of vulnerability.
Edmund completely misses you.
You barely miss Edmund. Your kick misses Edmund.
Edmund is heavily wounded.
You hit Edmund but do no damage.
Edmund is heavily wounded.
You block Edmund's attack.
You completely miss Edmund.
Edmund is heavily wounded.
You block Edmund's attack.
You closely miss Edmund.
Edmund is heavily wounded.
You hit Edmund but do no damage.
Edmund is heavily wounded.
Edmund hits you with a +1 heavy dire flail!!
You die...

*** **,,,,,,,,###.,** #.##
,,****,,,,,,,*,,...** ##..##
*,,,**,,,,,,*****..* ##....## ##
**,,,,,,,,,,* *#.####..#...###.
**,,,,,,,,** #..##..####..#..
***,,,,,.,,* *#.#..## ##...#
*,,,,,,,...**######.....## ##..#
,,,,,,,,.....#..)........##* #...
**,,,,,,......)@@..).......###...
***,,*,..............###........
*,,**#...######....# ###......
**,** ##.,,****.....# ##....#
***,,* ***,,,,......# ##....#
,**,,* **,,....#..#####....##
,,,,** *,,....##............#
,,_,** *,....#**#...........#
***,,* **,,,,** **,*#.......†.


You could see Edmund (weak-willed).

Vanquished Creatures
  Sigmund (D:2)
  A black bear (D:4)
  2 bullfrogs (Sewer)
  An orc priest (D:4)
  A hound (D:4)
  Jessica (D:3)
  An orc wizard (D:4)
  9 adders
  2 dart slugs
  6 orcs
  11 endoplasms
  16 giant cockroaches
  5 goblins
  11 hobgoblins
  3 jackals (D:1)
  17 quokkas
  15 ball pythons
  4 bats
  5 frilled lizards
  5 kobolds
  9 rats
126 creatures vanquished.

Notes
Turn   | Place    | Note
-------+----------+-------------------------------------------
     0 | D:1      | Dirtsage the Demonspawn Fighter began the quest for the
                  | Orb.
     0 | D:1      | Reached XP level 1. HP: 18/18 MP: 1/1
    65 | D:1      | Reached skill level 2 in Long Blades
   129 | D:1      | Gained mutation: You have large cloven feet. [demonic
                  | ancestry]
   129 | D:1      | Reached XP level 2. HP: 24/24 MP: 2/2
   884 | D:2      | Reached skill level 3 in Long Blades
  1045 | D:2      | Reached XP level 3. HP: 29/29 MP: 3/3
  1070 | D:2      | Noticed Sigmund
  1081 | D:2      | Killed Sigmund
  1082 | D:2      | Reached skill level 5 in Long Blades
  1082 | D:2      | Gained mutation: You have hoof-like feet. [demonic
                  | ancestry]
  1082 | D:2      | Reached XP level 4. HP: 27/35 MP: 4/4
  1082 | D:2      | Gained mutation: You regenerate magic rapidly. [demonic
                  | ancestry]
  1082 | D:2      | Reached XP level 5. HP: 31/41 MP: 5/5
  1242 | D:2      | Found Kakhlebb's Armour Emporium.
  1717 | D:2      | Identified the +1 ring mail of the Pleiades {rPois Str+3}
  2014 | D:3      | Found a glowing drain.
  2035 | Sewer    | Entered a sewer
  2091 | Sewer    | Gained mutation: You have hooves in place of feet. [demonic
                  | ancestry]
  2091 | Sewer    | Reached XP level 6. HP: 47/47 MP: 6/6
  2295 | Sewer    | Reached skill level 6 in Long Blades
  2521 | Sewer    | Identified the +9 arbalest "Miurih" {elec, rPois rF+}
  2888 | D:3      | Noticed Jessica
  2906 | D:3      | Killed Jessica
  2907 | D:3      | Reached skill level 7 in Long Blades
  2907 | D:3      | Reached XP level 7. HP: 48/52 MP: 7/7
  3607 | D:4      | Noticed Edmund
  3631 | D:4      | Mangled by Edmund

Illustrated notes

Levels and vault maps discovered:
D:1:      amcnicky_arrival_abandoned_market, layout_basic, fountainhead
D:2:      minmay_wonky_spiral, layout_basic, serial_shops,
          nicolae_shop_hallway_plus, serial_rivers,
          chequers_serial_rivers_marsh, chequers_serial_rivers_large_b,
          chequers_serial_rivers_small_3, chequers_serial_rivers_room_a,
          chequers_serial_rivers_marsh, dreamdust_princess_corridor,
          grunt_ministairs_12, bh_walls_and_bars, uniq_sigmund
D:3:      wad_river_or_something, layout_loops_ring, zin_academy,
          gup_sewer_entry_pipe, uniq_jessica
D:4:      layout_layer_cave, chequers_temple_overflow_statue_of_worship,
          overflow_temple_1_default, minivault_11, uniq_eustachio, uniq_edmund,
          uniq_ijyb, uniq_natasha

Skill      XL: |  1  2  3  4  5  6 |
---------------+-------------------+-----
Long Blades    | 2 3 5 7 |  7.7
Fighting       | |  3.0
Armour         | |  2.6
Shields        | |  2.6

Action                     |  1- 3 |  4- 6 |  7- 9 || total
---------------------------+-------+-------+-------++-------
  Melee: Long sword        |    64 |   220 |    56 ||   340
         Kick              |     7 |    40 |    15 ||    62
    Use: Potion            |     1 |     1 |     4 ||     6
         Scroll            |       |       |     2 ||     2
 Armour: Scale mail        |    30 |    16 |       ||    46
         Ring mail         |       |    70 |    14 ||    84
  Dodge: Dodged            |    38 |   105 |    27 ||   170
  Block: Buckler           |    12 |    49 |    17 ||    78

Table legend: (Time is in decaauts)
 A = Elapsed time spent in this place.
 B = Non-inter-level travel time spent in this place.
 C = Inter-level travel time spent in this place.
 D = Time resting spent in this place.
 E = Time spent auto-exploring this place.
 F = Levels seen in this place.
 G = Mean time per level.
                   A        B        C        D        E       F      G
               +--------+--------+--------+--------+--------+-----+--------+
         Total |   3804 |   3677 |    127 |      0 |   2719 |   5 |  760.8 |
       Dungeon |   3218 |   3091 |    127 |      0 |   2391 |   4 |  804.5 |
         Sewer |    586 |    586 |      0 |      0 |    327 |   1 |  586.0 |
               +--------+--------+--------+--------+--------+-----+--------+

Top non-repeatable levels by time:
     D:3: 1124 daAuts
     D:2: 996 daAuts
     D:1: 857 daAuts
   Sewer: 586 daAuts
     D:4: 239 daAuts
